 Dungeon Crawl Stone Soup version 0.27-a0-506-g2188dfaaa0 (webtiles) character file.

Game seed: 4431653923034214074

3201 Morbidden the Slasher (level 9, -13/74 HPs)
             Began as a Demigod Fighter on Mar 3, 2021.
             Killed from afar by an electric eel (14 damage)
             ... with a bolt of electricity
             ... on level 8 of the Dungeon.
             The game lasted 00:16:45 (14882 turns).

Morbidden the Slasher (Demigod Fighter)            Turns: 14882, Time: 00:16:45

Health: -13/74     AC: 17    Str: 25    XL:     9   Next: 38%
Magic:  18/18      EV: 11    Int: 14    God:
Gold:   338        SH: 12    Dex: 21    Spells: 13/16 levels left

rFire    . . .     SeeInvis .   a - +0 long sword
rCold    . . .     Faith    .   c - +1 kite shield
rNeg     . . .     Spirit   .   b - +3 scale mail
rPois    +         Reflect  .   L - +0 helmet
rElec    .         Harm     .   w - +0 cloak
rCorr    .         Rampage  .   (no gloves)
Will     .....                  H - +0 pair of boots
Stlth    ++........             (no amulet)
HPRegen  0.22/turn              o - +6 ring of dexterity
MPRegen  0.16/turn              C - +4 ring of protection

@: no status effects
A: thin skeletal structure 1, high mp 1, poison resistance, forlorn
a: no special abilities


You were on level 8 of the Dungeon.
You visited 1 branch of the dungeon, and saw 8 of its levels.
You also visited: Ossuary.

You collected 338 gold pieces.

Inventory:

Hand Weapons
 a - a +0 long sword (weapon)
 F - a +3 dagger
Missiles
 g - 10 javelins
 i - 17 poisoned darts (quivered)
 m - 83 sling bullets
 z - a throwing net
Armour
 b - a +3 scale mail (worn)
 c - a +1 kite shield (worn)
 w - a +0 cloak (worn)
 H - a +0 pair of boots (worn)
 L - a +0 helmet (worn)
Jewellery
 h - a ring of wizardry
 o - a +6 ring of dexterity (left hand)
 B - a ring of fire
 C - a +4 ring of protection (right hand)
Wands
 s - a wand of random effects (2)
 E - a wand of paralysis (6)
 G - a wand of mindburst (9)
 I - a wand of acid (6)
Scrolls
 f - 4 scrolls of teleportation
 r - 2 scrolls of immolation {unknown}
 t - 3 scrolls of identify {unknown}
 v - a scroll of fog {unknown}
 x - a scroll of enchant armour
 y - a scroll of blinking {unknown}
 A - 2 scrolls of amnesia {unknown}
 D - a scroll of torment {unknown}
 J - a scroll of fear {unknown}
Potions
 d - 3 potions of might
 e - 3 potions of brilliance {unknown}
 j - 4 potions of heal wounds {unknown}
 k - 2 potions of berserk rage
 l - 2 potions of mutation
 n - 2 potions of haste
 p - 3 potions of degeneration {unknown}
 q - 6 potions of curing
 u - a potion of flight {unknown}
 K - a potion of lignification {unknown}


   Skills:
 * Level 5.5 Fighting
 * Level 6.8 Long Blades
 + Level 1.5 Throwing
 + Level 4.5 Armour
 * Level 3.7 Dodging
 + Level 1.3 Stealth
 + Level 5.5 Shields
 * Level 4.0 Spellcasting
 * Level 2.3 Poison Magic
 + Level 0.2 Evocations


You had 13 spell levels left.
You knew the following spells:

 Your Spells              Type           Power        Failure   Level
a - Sting                 Tmut/Pois      24%          67%         1
b - Poisonous Vapours     Pois/Air       12%          80%         2

Your spell library contained the following spells:

 Spells                   Type           Power        Failure   Level
 Corona                   Hex            2%           83%         1
 Slow                     Hex            2%           92%         2
 Ignite Poison            Fire/Tmut/Pois 5%           97%         3
 Mephitic Cloud           Conj/Pois/Air  5%           97%         3
 Inner Flame              Hex/Fire       2%           99%         3
 Portal Projectile        Hex/Tloc       4%           99%         3
 Olgreb's Toxic Radiance  Pois           9%           99%         4
 Cause Fear               Hex            1%           100%        4
 Leda's Liquefaction      Hex/Erth       1%           100%        4


Dungeon Overview and Level Annotations

Branches:
Dungeon (8/15)             Temple (0/1) D:6         Ossuary (visited)
   Lair: D:8-11

Annotations:
D:2 exclusion: oklob plant


Innate Abilities, Weirdness & Mutations

Your attributes grow dramatically as you level up.
You have an increased reservoir of magic. (+10% MP)
You are unable to connect with the divine beyond yourself.
You have a somewhat thin skeletal structure. (Dex +2, Stealth)
Your system is resistant to poisons. (rPois)


Message History

The electric eel is heavily wounded.
The electric eel looks more healthy.
The electric eel shoots out a bolt of lightning at you!
The bolt of electricity hits you.
You hit the electric eel.
The electric eel is heavily wounded.
You closely miss the electric eel.
The electric eel is heavily wounded.
You slash the electric eel!
The electric eel is almost dead.
The electric eel shoots out a bolt of lightning at you!
The bolt of electricity hits you!
* * * LOW HITPOINT WARNING * * *
Unknown command.
You closely miss the electric eel.
The electric eel is almost dead.
The electric eel shoots out a bolt of lightning at you!
The bolt of electricity misses you.
You miss the electric eel.
The electric eel is almost dead.
Unknown command.
You closely miss the electric eel.
The electric eel is almost dead.
The electric eel shoots out a bolt of lightning at you!
The bolt of electricity hits you!
* * * LOW HITPOINT WARNING * * *
Unknown command.
Unknown command.
You closely miss the electric eel.
The electric eel is almost dead.
The electric eel shoots out a bolt of lightning at you!
The bolt of electricity hits you!
* * * LOW HITPOINT WARNING * * *
Unknown command.
Unknown command.
You hit the electric eel.
The electric eel is almost dead.
The electric eel shoots out a bolt of lightning at you!
The bolt of electricity hits you!
You die...

###......))...##..≈P≈.≈≈≈≈
##.......)........≈≈(≈≈≈♣≈P.
.....##.####..##≈≈≈≈♣♣♣≈≈≈≈
.....##.# #..##≈≈((≈≈♣≈≈.#
##.#.##.# #..##≈(≈♣♣♣≈≈≈≈
#.#.##.# #..##(≈≈≈≈≈♣≈≈###
##.#.##.#
#..##≈≈≈≈≈(♣≈≈≈≈###
....#.#.#
##..##.;≈(≈≈≈♣≈≈≈≈.≈
...###..#
#...##@###≈.≈≈♣≈≈≈≈≈
###.#.### #..###.#
###≈≈.≈≈♣≈≈ ##.######..# #.#
#....≈≈≈≈≈ #.........# #.#
#.#....≈≈≈ #.######.## #.#
#.###....≈ # #.# #.# #.# #.#
##... ####.######.####.# #.#
### .................# #.#
#.#.#.#.#.#.#.#..# #.#


You could see an electric eel.

Vanquished Creatures
  A wyvern (D:8)
  Duvessa (D:7)
  A sky beast (D:7)
  An orc warrior (D:7)
  3 ice beasts
  A black bear (D:5)
  2 ogres
  A centaur (D:8)
  A kobold brigand (D:7)
  2 bullfrogs
  5 water moccasin zombies (Ossuary)
  Dowan (D:7)
  3 scorpions
  4 killer bees (D:8)
  8 electric eels (D:8)
  2 jellies
  3 hounds
  A quasit (D:7)
  5 orc priests
  A centaur skeleton (D:4)
  An iguana (D:3)
  Jessica (D:3)
  4 orc wizards (D:4)
  5 worker ants
  A killer bee zombie (D:5)
  2 mummies (Ossuary)
  8 adders
  5 gnolls
  3 shadow imps
  A white imp (D:5)
  An ooze (D:1)
  5 adder zombies (Ossuary)
  6 worms
  A dart slug (D:1)
  7 leopard geckos
  26 orcs
  7 giant cockroaches
  4 hobgoblins
  22 jackals
  7 quokkas
  4 ball pythons
  7 bats
  3 frilled lizards
  2 gnoll zombies (Ossuary)
  4 goblins
  A hobgoblin zombie (Ossuary)
  8 kobolds
  4 kobold zombies (Ossuary)
  3 orc zombies (Ossuary)
  A quokka zombie (D:8)
  12 rats
213 creatures vanquished.

Vanquished Creatures (others)
  3 fungi (D:2)
  56 plants
59 creatures vanquished.

Grand Total: 272 creatures vanquished

Notes
Turn   | Place    | Note
-------+----------+-------------------------------------------
     0 | D:1      | Morbidden the Demigod Fighter began the quest for the Orb.
     0 | D:1      | Reached XP level 1. HP: 18/18 MP: 3/3
   483 | D:1      | Reached XP level 2. HP: 25/25 MP: 4/4
  1270 | D:2      | Reached skill level 2 in Long Blades
  1700 | D:2      | Found a blossoming altar of Fedhas.
  1716 | D:2      | Noticed an oklob plant
  1873 | D:2      | Reached skill level 1 in Dodging
  1873 | D:2      | Reached XP level 3. HP: 21/30 MP: 6/6
  2076 | D:2      | Found a shimmering blue altar of Sif Muna.
  2390 | D:3      | HP: 1/30 [worm (6)]
  3550 | D:3      | You fall into a shaft and drop 2 floors!
  3550 | D:5      | Entered Level 5 of the Dungeon
  3620 | D:5      | Reached XP level 4. HP: 14/38 MP: 7/7
  3789 | D:5      | Found a snail-covered altar of Cheibriados.
  3823 | D:5      | Reached skill level 1 in Spellcasting
  3833 | D:5      | Gained mutation: Your system is resistant to poisons.
                  | (rPois) [potion of mutation]
  3833 | D:5      | Gained mutation: You have a somewhat thin skeletal
                  | structure. (Dex +2, Stealth) [potion of mutation]
  3843 | D:5      | Reached XP level 5. HP: 8/45 MP: 9/9
  3889 | D:5      | Found a sand-covered staircase.
  3894 | Ossuary  | Entered an ossuary
  4162 | Ossuary  | Reached skill level 3 in Long Blades
  4588 | Ossuary  | Reached XP level 6. HP: 27/51 MP: 11/11
  5921 | D:5      | Reached XP level 7. HP: 49/58 MP: 13/13
  5929 | D:5      | Reached skill level 4 in Long Blades
  6327 | D:5      | Found a sacrificial altar of Ru.
  7731 | D:4      | Reached skill level 5 in Long Blades
  7794 | D:4      | Reached XP level 8. HP: 12/66 MP: 15/15
  8684 | D:5      | Found a sacrificial altar of Ru.
  8927 | D:5      | Found a snail-covered altar of Cheibriados.
  9872 | D:3      | Learned a level 1 spell: Sting
  9875 | D:3      | Learned a level 2 spell: Poisonous Vapours
  9996 | D:3      | Noticed Jessica
  9998 | D:3      | Killed Jessica
 10011 | D:3      | Found a hazy altar of Hepliaklqana.
 10333 | D:6      | Found a staircase to the Ecumenical Temple.
 11202 | D:7      | Reached skill level 1 in Poison Magic
 11370 | D:7      | Reached skill level 6 in Long Blades
 11418 | D:7      | Reached skill level 5 in Shields
 11809 | D:7      | Found a snail-covered altar of Cheibriados.
 11948 | D:7      | Noticed Dowan
 11948 | D:7      | Noticed Duvessa
 11967 | D:7      | Killed Duvessa
 11980 | D:7      | Killed Dowan
 12228 | D:8      | Reached skill level 1 in Throwing
 12491 | D:7      | Reached XP level 9. HP: 65/73 MP: 18/18
 12744 | D:7      | Reached skill level 5 in Fighting
 12745 | D:7      | Reached skill level 1 in Stealth
 13500 | D:8      | Found a shimmering altar of Xom.
 13501 | D:8      | Found a hide-covered altar of Uskayaw.
 13503 | D:8      | Found a white marble altar of Elyvilon.
 13504 | D:8      | Found an ancient bone altar of Kikubaaqudgha.
 14881 | D:8      | HP: 1/74 [electric eel/bolt of electricity (13)]
 14882 | D:8      | Killed from afar by an electric eel

Illustrated notes

Levels and vault maps discovered:
D:1:      roderic_crop_circles_arrival_small, layout_loops_ring,
          dk_noncrumbling_4
D:2:      kennysheep_big_flooded_room, layout_basic, lemuel_doored_altar,
          tgw_fedhas
D:3:      layout_basic, nzn_hepliaklqana_mist_gate, uniq_jessica
D:4:      minmay_bubble_buster, layout_basic, grunt_decor_clamped
D:5:      layout_layer_cave, slow_altar_1, nicolae_ru_path_of_blood,
          nicolae_ossuary_entry_false_entrances
D:6:      layout_loops_ring, minmay_temple_entry_tees
D:7:      layout_loops_ring, basic_altar, uniq_duvessa
D:8:      layout_loops_ring, chequers_temple_overflow_statue_of_worship,
          serial_bayou, serial_bayou_shore_b, serial_bayou_lake_a,
          serial_bayou_lagoon_a, serial_bayou_crossing, hangedman_decor_riveting

Skill      XL: |  1  2  3  4  5  6  7  8  9 |
---------------+----------------------------+-----
Armour         | 3 4 |  4.5
Long Blades    | 2 3 5 6 |  6.8
Dodging        | 1 2 3 |  3.7
Fighting       | 3 4 5 |  5.5
Shields        | 3 4 5 |  5.5
Spellcasting   | 1 2 3 4 |  4.0
Poison Magic   | 1 2 |  2.3
Throwing       | 1 |  1.5
Stealth        | 1 |  1.3
Evocations     | |  0.2

Action                   |  1- 3 |  4- 6 |  7- 9 || total
-------------------------+-------+-------+-------++-------
Melee: Long sword        |   194 |   213 |   493 ||   900
       Dagger            |       |       |    17 ||    17
Throw: Dart              |     1 |       |    54 ||    55
Evoke: Wand              |       |     1 |    17 ||    18
  Use: Potion            |     2 |     5 |       ||     7
       Scroll            |     2 |       |     1 ||     3
 Stab: Sleeping          |       |       |     3 ||     3
       Distracted        |       |       |     1 ||     1
       Paralysed         |       |       |     3 ||     3
Armor: Scale mail        |   114 |   105 |   239 ||   458
       Chain mail        |    24 |    52 |       ||    76
Dodge: Dodged            |    87 |    85 |   221 ||   393
Block: Kite shield       |   122 |   184 |   362 ||   668
       Rpst.: Long sword |    28 |    34 |    62 ||   124

Table legend: (Time is in decaauts)
 A = Elapsed time spent in this place.
 B = Non-inter-level travel time spent in this place.
 C = Inter-level travel time spent in this place.
 D = Time resting spent in this place.
 E = Time spent auto-exploring this place.
 F = Levels seen in this place.
 G = Mean time per level.
                   A        B        C        D        E       F      G
               +--------+--------+--------+--------+--------+-----+--------+
         Total |  15300 |  14871 |    429 |   3720 |   8456 |   9 | 1700.0 |
       Dungeon |  14162 |  13733 |    429 |   3093 |   8209 |   8 | 1770.2 |
       Ossuary |   1138 |   1138 |      0 |    627 |    247 |   1 | 1138.0 |
               +--------+--------+--------+--------+--------+-----+--------+

Top non-repeatable levels by time:
     D:5: 2978 daAuts
     D:8: 2103 daAuts
     D:7: 2056 daAuts
     D:4: 1979 daAuts
     D:2: 1762 daAuts
     D:1: 1452 daAuts
     D:3: 1191 daAuts
 Ossuary: 1138 daAuts
     D:6: 637 daAuts
